 Dungeon Crawl Stone Soup version 0.19-a0-488-gf8766cc (webtiles) character file.

723 Delvonshi the Conjurer (level 7, -10/37 HPs)
             Began as a Vine Stalker Conjurer on June 4, 2016.
             Killed from afar by Pikel (27 damage)
             ... with a wand of lightning
             ... on level 4 of the Dungeon.
             The game lasted 00:13:30 (5305 turns).

Delvonshi the Conjurer (Vine Stalker Conjurer)      Turns: 5305, Time: 00:13:30

Health: -10/37     AC:  6    Str: 10    XL:     7   Next: 71%
Magic:  0/16       EV: 12    Int: 17    God:
Gold:   176        SH:  0    Dex: 15    Spells: 3 memorised, 7 levels left

rFire  . . .     SeeInvis .     h - +0 dagger
rCold  . . .     Gourm    +     a - +0 robe
rNeg   . . .     Faith    .     (no shield)
rPois  .         Spirit   +     (no helmet)
rElec  .         Dismiss  .     u - +2 cloak
rCorr  .         Reflect  .     y - +0 pair of gloves
SustAt .         Harm     .     (no boots)
MR     .....                    n - amulet of the gourmand
Stlth  ++........               (no ring)
                                e - ring of wizardry

@: not resistant to hostile enchantments, unstealthy
A: fangs 2, regeneration 2, magic shield, antimagic bite, no device heal 3, rot
immunity
a: no special abilities


You were on level 4 of the Dungeon.
You were very full.

You visited 1 branch of the dungeon, and saw 4 of its levels.

You collected 176 gold pieces.

Inventory:

Hand Weapons
 h - a +0 dagger (weapon)
Missiles
 r - a throwing net (quivered)
Armour
 a - a +0 robe (worn)
 u - a +2 cloak (worn)
 y - a +0 pair of gloves (worn)
Jewellery
 e - a ring of wizardry (left hand)
 n - an amulet of the gourmand (around neck)
 C - an uncursed amulet of magic regeneration {unknown}
Scrolls
 g - a scroll of enchant weapon {unknown}
 i - 5 scrolls of identify {unknown}
 j - 3 scrolls of teleportation {unknown}
 k - a scroll of enchant armour {unknown}
 q - a scroll of amnesia {unknown}
 s - a scroll of blinking {unknown}
 w - 3 scrolls of remove curse {unknown}
 z - a scroll of fog {unknown}
 B - a scroll of magic mapping {unknown}
Potions
 f - 2 potions of degeneration {unknown}
 l - 4 potions of haste {unknown}
 o - 2 potions of invisibility {unknown}
 p - 2 potions of curing {unknown}
 t - 2 potions of resistance {unknown}
 v - 2 potions of brilliance {unknown}
 x - a potion of agility {unknown}
 A - a potion of berserk rage {unknown}
 D - a potion of cancellation {unknown}
Books
 b - a book of Conjurations

   Spells                             Type                      Level
   a - Magic Dart                     Conjuration                  1
   b - Searing Ray                    Conjuration                  2
   c - Dazzling Spray                 Conjuration/Hexes            3
   d - Fulminant Prism                Conjuration/Hexes            4
   e - Iskenderun's Mystic Blast      Conjuration                  4
   f - Iskenderun's Battlesphere      Conjuration/Charms           5
Comestibles
 c - 2 bread rations
 d - 3 meat rations
 m - a slice of pizza


   Skills:
 + Level 3.9 Fighting
 - Level 1.5 Dodging
 - Level 2.4 Stealth
 + Level 5.4 Spellcasting
 + Level 6.0 Conjurations


You had 7 spell levels left.
You knew the following spells:

 Your Spells              Type           Power        Failure   Level  Hunger
a - Magic Dart            Conj           ####         1%          1    None
b - Iskenderun's Mystic   Conj           ####....     6%          4    ####...
c - Fulminant Prism       Conj/Hex       ##........   21%         4    ####...


Dungeon Overview and Level Annotations

Branches:
Dungeon (4/15)
 Temple: D:4-7

Altars:
Dithmenos
Gozag
Hepliaklqana
Makhleb
Uskayaw

Annotations:
D:4 Pikel


Innate Abilities, Weirdness & Mutations

You have extremely sharp teeth.
You heal very quickly.
When hurt, damage is shared between your health and your magic reserves.
Your bite disrupts and absorbs the magic of your enemies.
Potions and wands cannot restore your health.
You are immune to rotting.


Message History

Pikel is heavily wounded.
Pikel closely misses you.
You hit Pikel but do no damage.
Pikel is heavily wounded.
Pikel closely misses you.
You hit Pikel but do no damage.
Pikel is heavily wounded.
Pikel barely misses you.
You closely miss Pikel.
Pikel is heavily wounded.
Pikel completely misses you.
You closely miss Pikel. Your bite misses Pikel.
Pikel is heavily wounded.
Pikel says, "You'll fetch a fair price!"
Pikel zaps a wand.
The bolt of lightning hits you! The slave hits you. The slave misses you.
Pikel zaps a wand.
The bolt of lightning hits you!
Ouch! That really hurt!
You die...

##.........#####
#....#####......#
#.##.. ##.#.#o### #..
###. #.#.#...## .. ..
#.#.###o.## .
#.###.#..###o.# .#
#.......pK.##.# .#
#####.#.....#.#######
## #.###@#.#.O.o...##
# # #...##.#.##O.# #
##..####'###†# ..
#..##≈≈.≈≈#.# ...
#..##§§§§≈#.# ##.
##..§.§§..§.#
#..#§§§§≈###
#..#§§§§≈# ###
#.####+###


You could see Pikel and a slave.

Vanquished Creatures
  Sigmund (D:4)
  2 slaves (D:3)
  An ogre (D:4)
  A giant frog (D:4)
  Blork the orc (D:4)
  A scorpion (D:3)
  Jessica (D:3)
  An iguana (D:3)
  An orc wizard (D:3)
  A worker ant (D:4)
  6 gnolls
  6 adders
  2 oozes (D:3)
  A worm (D:3)
  5 dart slugs
  4 giant geckos
  5 orcs
  2 giant cockroaches
  9 hobgoblins
  3 jackals (D:3)
  5 kobolds
  A quokka (D:3)
  A ball python (D:2)
  9 bats
  2 giant newts
  10 goblins
  5 rats
87 creatures vanquished.

Notes
Turn   | Place    | Note
--------------------------------------------------------------
     0 | D:1      | Delvonshi the Vine Stalker Conjurer began the quest for the Orb.
     0 | D:1      | Reached XP level 1. HP: 9/9 MP: 4/4
   316 | D:1      | Reached XP level 2. HP: 12/13 MP: 6/6
   760 | D:2      | Reached XP level 3. HP: 14/16 MP: 2/8
  1223 | D:2      | Reached skill level 1 in Fighting
  1223 | D:2      | Reached XP level 4. HP: 12/22 MP: 0/10
  1308 | D:2      | Learned a level 4 spell: Iskenderun's Mystic Blast
  1318 | D:2      | Learned a level 4 spell: Fulminant Prism
  1811 | D:2      | You fall through a shaft for 2 floors!
  1847 | D:4      | Noticed an ogre
  1867 | D:4      | Noticed an ogre
  1881 | D:4      | Found a hide-covered altar of Uskayaw.
  2031 | D:3      | Reached XP level 5. HP: 24/25 MP: 4/11
  2297 | D:3      | Found a shadowy altar of Dithmenos.
  2298 | D:3      | Found a hazy altar of Hepliaklqana.
  2300 | D:3      | Found a burning altar of Makhleb.
  2300 | D:3      | Found an opulent altar of Gozag.
  2818 | D:3      | Reached skill level 5 in Conjurations
  3330 | D:3      | Noticed Jessica
  3336 | D:3      | Killed Jessica
  3336 | D:3      | Gained mutation: You heal very quickly. [Vine Stalker growth]
  3336 | D:3      | Reached XP level 6. HP: 32/32 MP: 4/13
  3755 | D:4      | Noticed Pikel
  3755 | D:4      | Noticed a slave
  3755 | D:4      | Noticed a slave
  3757 | D:4      | Noticed a slave
  3759 | D:4      | Noticed a slave
  3788 | D:3      | Killed a slave
  4035 | D:3      | Killed a slave
  4172 | D:4      | Noticed Blork the orc
  4615 | D:4      | Reached XP level 7. HP: 36/36 MP: 11/15
  4820 | D:4      | Noticed Sigmund
  4886 | D:4      | Killed Sigmund
  4886 | D:4      | Reached skill level 5 in Spellcasting
  4903 | D:3      | Reached skill level 6 in Conjurations
  5050 | D:4      | Killed Blork the orc
  5305 | D:4      | Killed from afar by Pikel

Vault maps used:
D:1:      moated_graveyard_arrival
D:3:      grunt_temple_overflow_open, first_bread, uniq_jessica
D:4:      kennysheep_little_box, uniq_blork_the_orc, uniq_sigmund, uniq_pikel

Skill      XL: |  1  2  3  4  5  6  7 |
---------------+----------------------+-----
Spellcasting   | 3 4 5 |  5.4
Fighting       | 1 2 3 |  3.9
Conjurations   | 5 6 |  6.0
Dodging        | |  1.5
Stealth        | |  2.4

Action                   |  1- 3 |  4- 6 |  7- 9 || total
-------------------------+-------+-------+-------++-------
Melee: Dagger            |    26 |    88 |    28 ||   142
       Bite              |     4 |    25 |     6 ||    35
Throw: Throwing net      |       |     2 |       ||     2
 Cast: Magic Dart        |    49 |    91 |     9 ||   149
       Iskenderun's Myst |       |    27 |    12 ||    39
 Stab: Sleeping          |     1 |     2 |       ||     3
  Eat: Chunk             |     3 |    23 |     3 ||    29
Armor: Robe              |     8 |    54 |     7 ||    69
Dodge: Dodged            |    23 |   101 |    18 ||   142
